 Dungeon Crawl Stone Soup version 0.31.0-11-ge490571c62 (webtiles) character file.

Game seed: 14179626264660518528

471 cdecastro the Ruffian (level 6, -1/47 HPs)
             Began as a Draconian Shapeshifter on Jan 26, 2024.
             Was a Follower of Trog.
             Killed by nerve-wracking pain
             ... invoked by Grinder
              (14 damage)
             ... on level 4 of the Dungeon.
             The game lasted 00:05:08 (3013 turns).

cdecastro the Ruffian (Draconian Shapeshifter)      Turns: 3013, Time: 00:05:09

Health: -1/47      AC:  6    Str: 16    XL:     6   Next: 83%
Magic:  6/6        EV: 12    Int: 11    God:    Trog [*.....]
Gold:   230        SH:  0    Dex: 12    Spells: 5/5 levels left

rFire   . .          .
                       - Unarmed
rCold   . . .        (no shield)
rNeg    . . .        (body armour unavailable)
rPois   .            (helmet currently unavailable)
rElec   .            (cloak currently unavailable)
rCorr   .            (gloves currently unavailable)
SInv    .            (boots currently unavailable)
Will    .....        (no amulet)
Stlth   +            (no ring)
HPRegen 0.27/turn    (no ring)
MPRegen 0.10/turn

%: no passive effects
@: beast-form
A: beast (slay +2), AC +6, unfitting armour, cold-blooded
a: Begin Untransformation, Renounce Religion, Berserk


You were on level 4 of the Dungeon.
You worshipped Trog.
Trog was aware of your devotion.
You were a hulking beast.
You visited 1 branch of the dungeon, and saw 4 of its levels.

You collected 230 gold pieces.

Inventory:

Missiles
 j - a throwing net (quivered)
Jewellery
 r - a ring of wizardry
Talismans
 b - a beast talisman
 c - a flux talisman
 k - a maw talisman
Scrolls
 d - a scroll of butterflies {unknown}
 g - 2 scrolls of enchant armour {unknown}
 h - 2 scrolls of identify {unknown}
 m - 2 scrolls of teleportation {unknown}
 q - a scroll of blinking {unknown}
Potions
 a - a potion of lignification
 e - a potion of heal wounds {unknown}
 f - a potion of haste {unknown}
 i - 3 potions of degeneration {unknown}
 l - a potion of cancellation {unknown}
 n - a potion of mutation {unknown}
 o - a potion of invisibility {unknown}
 p - a potion of curing {unknown}


   Skills:
 - Level 1.1 Fighting
 - Level 1.7 Dodging
 * Level 6.5 Unarmed Combat
 + Level 4.8 Shapeshifting


You had 5 spell levels left.
You didn't know any spells.
Your spell library contained the following spells:

 Spells                   Type           Power      Damage    Failure   Level
 Freeze                   Ice            0%         1d3       34%         1
 Blink                    Tloc           0%         N/A       47%         2
 Call Imp                 Summ           0%         N/A       47%         2
 Jinxbite                 Hex            0%         N/A       47%         2
 Lesser Beckoning         Tloc           0%         N/A       47%         2
 Momentum Strike          Conj/Tloc      0%         3d8       47%         2
 Sublimation of Blood     Necr           0%         N/A       47%         2
 Frozen Ramparts          Ice            0%         1d1       71%         3
 Hailstorm                Conj/Ice       0%         3d5       71%         3
 Olgreb's Toxic Radiance  Alch           0%         N/A       98%         4
 Yara's Violent Unravell  Hex/Alch       0%         3d3       100%        5
 Enfeeble                 Hex            0%         N/A       100%        7
 Ozocubu's Refrigeration  Ice            0%         4d7       100%        7
 Summon Hydra             Summ           0%         N/A       100%        7
 Discord                  Hex            0%         N/A       100%        8


Dungeon Overview and Level Annotations

Branches:
Dungeon (4/15)
 Temple: D:4-7

Altars:
Cheibriados
Okawaru
Trog

Shops:
D:4 [

Annotations:
D:4 Grinder


Innate Abilities, Weirdness & Mutations

You are a hulking beast.
Your limbs bulge with bestial killing power. (Slay +2)
Your plain brown scales are hard. (AC +6)
You cannot fit into any form of body armour.
You are cold-blooded and may be slowed by cold attacks.


Message History

You completely miss Grinder.
Your tail-slap misses Grinder.
Grinder is severely wounded.
Grinder gestures at you.
You suddenly lose the ability to move!
Grinder gestures at you. Pain shoots through your body! Grinder hits you!
You writhe in agony.
Grinder gestures at you. You resist with significant effort.
Grinder blinks!
You can move again.
Unknown command.
Unknown command.
Grinder blinks!
Grinder blinks!
You are too injured to fight recklessly!
Grinder gestures at you. Pain shoots through your body!
* * * LOW HITPOINT WARNING * * *
You are too injured to fight recklessly!
Unknown command.
Unknown command.
Grinder blinks!
Grinder gestures at you.
You suddenly lose the ability to move!
Grinder gestures at you. Pain shoots through your body!
* * * LOW HITPOINT WARNING * * *
You can move again.
Unknown command.
Unknown command.
You closely miss Grinder.
Grinder is severely wounded.
Grinder barely misses you.
You hit Grinder.
Grinder is almost dead.
Grinder gestures at you. Pain shoots through your body!
You die...
Grinder sighs, "Dead already?
I want a refund."

#####################
#.......#......#....#
#..............+....#
#..............#....#
###.####.####...#....#
#...##.....##.###....#
#...#.......#...#....#
#...#..h....#.#......#
#.......5.....#......#
#...#.......#.#......#
#...#.......#.#......#
#...##.....##.#......+
#...####.####.#......# .
#.............#......#..
#...........##########..
######..................


You could see Grinder.

Vanquished Creatures
  Sigmund (D:3)
  Blork the orc (D:4)
  A sleepcap (D:4)
  An iguana (D:3)
  8 gnolls
  4 adders
  5 dart slugs
  3 ribbon worms (D:2)
  An orc (D:3)
  10 ball pythons
  9 endoplasms
  A giant cockroach (D:2)
  9 goblins
  3 hobgoblins
  3 jackals (D:2)
  2 kobolds
  3 quokkas
  6 bats
  2 frilled lizards (D:1)
  2 rats
75 creatures vanquished.

Notes
Turn   | Place    | Note
-------+----------+-------------------------------------------
     0 | D:1      | cdecastro the Draconian Shapeshifter began the quest for
                  | the Orb.
     0 | D:1      | Reached XP level 1. HP: 16/16 MP: 1/1
   138 | D:1      | Reached XP level 2. HP: 23/23 MP: 2/2
   499 | D:1      | Reached XP level 3. HP: 26/28 MP: 3/3
   680 | D:2      | Reached skill level 4 in Unarmed Combat
   933 | D:2      | Reached XP level 4. HP: 14/35 MP: 4/4
  1049 | D:2      | Found a bloodstained altar of Trog.
  1629 | D:2      | Became a worshipper of Trog the Wrathful
  1848 | D:2      | Reached skill level 5 in Unarmed Combat
  1904 | D:3      | Reached XP level 5. HP: 38/40 MP: 5/5
  1974 | D:3      | Found a faded altar of an unknown god.
  1987 | D:3      | Noticed Sigmund
  2133 | D:3      | Killed Sigmund
  2134 | D:3      | Reached XP level 6. HP: 46/47 MP: 6/6
  2137 | D:3      | Reached skill level 6 in Unarmed Combat
  2568 | D:4      | Noticed Blork the orc
  2676 | D:4      | Killed Blork the orc
  2788 | D:4      | Found an iron altar of Okawaru.
  2891 | D:4      | Found Meproipt's Armour Emporium.
  2897 | D:4      | Reached * piety under Trog
  2941 | D:4      | Found a snail-covered altar of Cheibriados.
  2967 | D:4      | Noticed Grinder
  2996 | D:4      | Paralysed by Grinder for 4 turns
  3008 | D:4      | Paralysed by Grinder for 4 turns
  3013 | D:4      | Killed from afar by Grinder

Illustrated notes

Levels and vault maps discovered:
D:1:      minmay_arrival_cross, layout_rooms, minmay_crystal_room
D:2:      layout_loops_cross, basic_altar, dk_noncrumbling_3
D:3:      layout_basic, ebering_ecumenical_altar_petrified, uniq_sigmund
D:4:      layout_gridville, trog_wizard, okawaru_trees_2, old_standard_altar,
          nicolae_stop_n_shop_1, uniq_edmund, uniq_blork_the_orc,
          uniq_eustachio, uniq_grinder

Skill      XL: |  1  2  3  4  5  6 |
---------------+-------------------+-----
Unarmed Combat | 4 5 6 |  6.5
Shapeshifting  | 4 |  4.8
Fighting       | |  1.1
Dodging        | |  1.7

Action                     |  1- 3 |  4- 6 || total
---------------------------+-------+-------++-------
  Melee: Unarmed           |    91 |   131 ||   222
         Tailslap          |    12 |    15 ||    27
         Punch             |     4 |     5 ||     9
 Armour: Skin              |    38 |    81 ||   119
  Dodge: Dodged            |    62 |    81 ||   143
